 Dungeon Sprint DCSS version 0.29-a0-837-g174bc33265 (webtiles) character file.

Game seed: 4031776079115640101

443 27snakeeyes612 the Grappler (level 6, -3/106 HPs)
             Began as a Troll Berserker on July 13, 2022.
             Was a Believer of Trog.
             Slain by Sonja
             ... wielding a +1 dagger of distortion
              (5 damage)
             ... in the Dungeon (Sprint I: "Red Sonja").
             The game lasted 00:00:59 (566 turns).

27snakeeyes612 the Grappler (Troll Berserker)        Turns: 566, Time: 00:01:00

Health: -3/106     AC:  4    Str: 28    XL:     6   Next: 71%
Magic:  5/5        EV: 11    Int:  3    God:    Trog [**....]
Gold:   306        SH:  0    Dex:  9    Spells: 5/5 levels left

rFire   . . .      SeeInvis .     - Unarmed
rCold   . . .      Faith    .   (no shield)
rNeg    . . .      Spirit   .   a - +0 animal skin
rPois   .          Reflect  .   (helmet restricted)
rElec   .          Harm     .   (no cloak)
rCorr   .          Rampage  .   (gloves unavailable)
Will    ++...      NoTele   +   (boots unavailable)
Stlth   ..........              (no amulet)
HPRegen 2.07/turn               (no ring)
MPRegen 0.09/turn               (no ring)

@: berserking (expiring), lethally poisoned (-3 -> -3), strong-willed,
regenerating, slowed
A: large, unfitting armour, claws 3, regeneration 1, shaggy fur 1, tough skin 1
a: Renounce Religion, Berserk, Trog's Hand


You were in the Dungeon.
You worshipped Trog.
Trog was pleased with you.
You visited 1 branch You collected 306 gold pieces.

Inventory:

Hand Weapons
 i - a +0 giant spiked club
Armour
 a - a +0 animal skin (worn)
Wands
 h - a wand of flame (14)
Scrolls
 g - a scroll of blinking
Potions
 b - a potion of curing
 c - a potion of heal wounds
 d - a potion of haste
 e - 2 potions of magic
 f - a potion of berserk rage
 j - a potion of degeneration {unknown}


   Skills:
 + Level 7.0 Fighting
 * Level 4.3 Maces & Flails
 + Level 6.8 Dodging
 + Level 0.3 Stealth
 + Level 8.6 Unarmed Combat


You had 5 spell levels left.
You didn't know any spells.
Your spell library was empty.

Dungeon Overview and Level Annotations

Branches:
Dungeon (1/1)

Altars:
Cheibriados
Dithmenos
Elyvilon
Fedhas
Gozag
Hepliaklqana
Kikubaaqudgha
Nemelex Xobeh
Okawaru
Qazlal
Ru
Sif Muna
Trog
Uskayaw
Vehumet
Wu Jian
Yredelemnul
Zin
The Shining One

Shops:
D [

Annotations:
D Sonja


Innate Abilities, Weirdness & Mutations

You are too large for most types of armour.
You have claws for hands.
Your natural rate of healing is unusually fast.
You are covered in fur. (AC +1)
You have tough skin. (AC +1)


Message History

Found a sparkling altar of Nemelex Xobeh.
There is an entrance to Doon Xale's Armour Emporium here.
There is an open door, spattered with blood here.
As you open the door, it creaks loudly!
Sonja, the Graceful Assassin comes into view.
She is wielding a +1 dagger of distortion and quivering curare-tipped darts.
Found 108 gold pieces.
Your skin crawls.
You feel strong-willed.
A red film seems to cover your vision as you go berserk!
You feel yourself moving faster!
You feel mighty!
Sonja throws a curare-tipped dart.
The curare-tipped dart hits you.
You are poisoned.
You have difficulty breathing.
You feel yourself slow down.
You closely miss Sonja.
You feel very sick.
Sonja hits you with a +1 dagger of distortion.
Sonja closely misses you.
Sonja hits you with a +1 dagger of distortion.
You completely miss Sonja.
You feel sick. Sonja barely misses you. x2
Sonja hits you with a +1 dagger of distortion!
Space warps around you.
You completely miss Sonja.
You feel sick.
Sonja hits you with a +1 dagger of distortion!
Space warps horribly around you!! Sonja misses you. Sonja closely misses you.
You miss Sonja.
You feel sick.
Sonja hits you with a +1 dagger of distortion.
Space warps horribly around you!
Sonja hits you with a +1 dagger of distortion.
* * * LOW HITPOINT WARNING * * *
Space warps around you.
* * * LOW HITPOINT WARNING * * *
Sonja closely misses you. Sonja hits you but does no damage.
Sonja hits you with a +1 dagger of distortion.
* * * LOW HITPOINT WARNING * * *
Space warps horribly around you!!
* * * LOW HITPOINT WARNING * * *
Sonja closely misses you.
You closely miss Sonja.
You feel sick.
Sonja hits you with a +1 dagger of distortion.
You die...

################
#<.#).†..#..'..#
#..'..#..').#..+
#..#####'#####'# #
#..####..#...#.# ##?§#
#..#__####..##[#≈≈§§c#
#..#_____##'#_.+≈≈§§
#⌠⌠#_.∩...'..._#≈§§§c#
####_..__##_@#'# +####
#_____###K#.# #######
#.### $.$ $.$ ##.##
#+#


You could see Sonja.

Vanquished Creatures
  Sigmund (D)
  A yak (D)
  An ogre (D)
  A jelly (D)
  Ijyb (D)
5 creatures vanquished.

Notes
Turn   | Place    | Note
-------+----------+-------------------------------------------
     0 | D        | 27snakeeyes612 the Troll Berserker began the quest for the
                  | Orb.
     0 | D        | Reached XP level 1. HP: 22/22 MP: 0/0
     1 | D        | Noticed Ijyb
     8 | D        | Killed Ijyb
     9 | D        | Reached skill level 4 in Unarmed Combat
     9 | D        | Reached XP level 2. HP: 31/31 MP: 1/1
   157 | D        | Noticed an ogre
   160 | D        | Killed an ogre
   161 | D        | Reached skill level 5 in Fighting
   161 | D        | Reached skill level 5 in Dodging
   161 | D        | Reached skill level 6 in Unarmed Combat
   161 | D        | Reached XP level 3. HP: 42/42 MP: 2/2
   161 | D        | Reached XP level 4. HP: 50/50 MP: 3/3
   210 | D        | Noticed Sigmund
   216 | D        | Killed Sigmund
   216 | D        | Reached ** piety under Trog
   217 | D        | Reached skill level 7 in Unarmed Combat
   217 | D        | Reached XP level 5. HP: 61/61 MP: 4/4
   217 | D        | Reached XP level 6. HP: 68/68 MP: 5/5
   268 | D        | Found a shimmering blue altar of Sif Muna.
   269 | D        | Found an ornate altar of the Wu Jian Council.
   270 | D        | Found a radiant altar of Vehumet.
   281 | D        | Noticed a centaur warrior
   281 | D        | Noticed a centaur warrior
   506 | D        | Found Doon Xale's Armour Emporium.
   506 | D        | Found an ancient bone altar of Kikubaaqudgha.
   506 | D        | Found a hazy altar of Hepliaklqana.
   506 | D        | Found a stormy altar of Qazlal.
   506 | D        | Found a hide-covered altar of Uskayaw.
   506 | D        | Found a blossoming altar of Fedhas.
   506 | D        | Found a bloodstained altar of Trog.
   506 | D        | Found an iron altar of Okawaru.
   506 | D        | Found a basalt altar of Yredelemnul.
   506 | D        | Found a glowing golden altar of the Shining One.
   506 | D        | Found a snail-covered altar of Cheibriados.
   506 | D        | Found a sacrificial altar of Ru.
   506 | D        | Found a glowing silver altar of Zin.
   506 | D        | Found a shadowy altar of Dithmenos.
   506 | D        | Found a white marble altar of Elyvilon.
   506 | D        | Noticed a yak
   512 | D        | Killed a yak
   513 | D        | Reached skill level 8 in Unarmed Combat
   548 | D        | Found an opulent altar of Gozag.
   549 | D        | Found a sparkling altar of Nemelex Xobeh.
   559 | D        | Noticed Sonja
   565 | D        | HP: 2/106 [Sonja/+1 dagger of distortion (18)]
   566 | D        | Slain by Sonja

Illustrated notes

Levels and vault maps discovered:
D:        dungeon_sprint_1 [red_sonja_temple_1, red_sonja_temple_small_1]

Skill      XL: |  1  2  3  4  5  6 |
---------------+-------------------+-----
Fighting       | 3 5 6 7 |  7.0
Dodging        | 3 5 6 |  6.8
Unarmed Combat | 4 6 7 8 |  8.6
Maces & Flails | 3 4 |  4.3
Stealth        | |  0.3

Action                   |  1- 3 |  4- 6 || total
-------------------------+-------+-------++-------
Melee: Unarmed           |     6 |    15 ||    21
       Punch             |     2 |     1 ||     3
Invok: Berserk           |     2 |     3 ||     5
       Trog's Hand       |       |     1 ||     1
 Stab: Sleeping          |       |     1 ||     1
Armor: Animal skin       |       |     2 ||     2
Dodge: Dodged            |     3 |     8 ||    11

Table legend: (Time is in decaauts)
 A = Elapsed time spent in this place.
 B = Non-inter-level travel time spent in this place.
 C = Inter-level travel time spent in this place.
 D = Time resting spent in this place.
 E = Time spent auto-exploring this place.
 F = Levels seen in this place.
 G = Mean time per level.
                   A        B        C        D        E       F      G
               +--------+--------+--------+--------+--------+-----+--------+
         Total |    599 |    599 |      0 |    488 |     11 |   1 |  599.0 |
       Dungeon |    599 |    599 |      0 |    488 |     11 |   1 |  599.0 |
               +--------+--------+--------+--------+--------+-----+--------+

Top non-repeatable levels by time:
       D: 599 daAuts
